 Dungeon Crawl Stone Soup version 0.24-a0-92-g7d8ec57 (console) character file.

Game seed: 11491204036538413224

25 Duffy the Ruffian (level 2, -4/23 HPs)
             Began as a Draconian Transmuter on Feb 9, 2019.
             Slain by a worker ant (6 damage)
             ... on level 4 of the Dungeon.
             The game lasted 00:01:03 (1187 turns).

Duffy the Ruffian (Draconian Transmuter)            Turns: 1187, Time: 00:01:04

Health: -4/23      AC:  4    Str: 12    XL:     2   Next: 86%
Magic:  2/5        EV: 12    Int: 13    God:
Gold:   18         SH:  0    Dex: 11    Spells: 2/5 levels left

rFire    . . .     SeeInvis .     - Unarmed
rCold    . . .     Gourm    .   (no shield)
rNeg     . . .     Faith    .   (armour unavailable)
rPois    .         Spirit   .   (helmet restricted)
rElec    .         Reflect  .   (no cloak)
rCorr    .         Harm     .   (no gloves)
MR       .....                  (no boots)
Stlth    +.........             (no amulet)
HPRegen  0.07/turn              (no ring)
MPRegen  0.09/turn              (no ring)

@: lethally poisoned (-4 -> -14), very slightly contaminated
A: unfitting armour, cold-blooded, AC +4
a: no special abilities


You were on level 4 of the Dungeon.
You were not hungry.

You visited 1 branch of the dungeon, and saw 5 of its levels.

You collected 18 gold pieces.

Inventory:

Missiles
 a - 9 arrows
Scrolls
 b - 2 scrolls of remove curse {unknown}
Comestibles
 c - 3 rations


   Skills:
 - Level 1.1 Fighting
 - Level 1.7 Dodging
 + Level 3.6 Unarmed Combat
 - Level 2.0 Spellcasting
 + Level 2.8 Transmutations


You had 2 spell levels left.
You knew the following spells:

 Your Spells              Type           Power        Failure   Level  Hunger
h - Beastly Appendage     Tmut           #.....       9%          1    ##.....
j - Sticks to Snakes      Tmut           #.......     12%         2    ###....

Your spell library contained the following spells:

 Spells                   Type           Power        Failure   Level  Hunger
 Spider Form              Tmut/Pois      #.........   41%         3    ####...
 Ice Form                 Ice/Tmut       #.......     82%         4    #####..
 Blade Hands              Tmut           #.........   92%         5    ######.


Dungeon Overview and Level Annotations

Branches:
Dungeon (5/15)
 Temple: D:4-7

Altars:
Gozag


Innate Abilities, Weirdness & Mutations

Your plain brown scales are hard. (AC +4)
You cannot fit into any form of body armour.
You are cold-blooded and may be slowed by cold attacks.


Message History

Your adder closely misses the worker ant.
You hit the worker ant.
Your tail-slap misses the worker ant.
The worker ant is heavily wounded.
The worker ant closely misses you.
Your adder bites the worker ant.
You hit the worker ant but do no damage.
The worker ant is heavily wounded.
You feel sick. The worker ant bites you!
You are lethally poisoned!
The worker ant poisons you!
Your adder misses the worker ant. You hit the worker ant.
The worker ant is severely wounded.
The worker ant bites you!
Your adder barely misses the worker ant.
You closely miss the worker ant.
You punch the worker ant, but do no damage.
The worker ant is severely wounded.
You feel sick.
Your adder closely misses the worker ant.
The worker ant bites you.
You die...

#.............#
#...........<.#
#.............#
#............#
#............# .
###.....>.....# >.
##............##
...#..#....a....##
.....#....@S...##
....#.........##
................#
................#
.................#
..................#
..................#
..................#
............[.....#


You could see a worker ant and a friendly adder.

Vanquished Creatures
  A bat (D:2)
  2 hobgoblins (D:1)
  4 jackals (D:1)
  2 frilled lizards
  A goblin (D:2)
  2 kobolds
  4 rats
16 creatures vanquished.

Vanquished Creatures (collateral kills)
  An adder (D:2)
  A worm (D:2)
  A kobold (D:2)
3 creatures vanquished.

Grand Total: 19 creatures vanquished

Notes
Turn   | Place    | Note
-------+----------+-------------------------------------------
     0 | D:1      | Duffy the Draconian Transmuter began the quest for the Orb.
     0 | D:1      | Reached XP level 1. HP: 16/16 MP: 3/3
   121 | D:1      | Reached XP level 2. HP: 7/23 MP: 5/5
   396 | D:1      | Learned a level 2 spell: Sticks to Snakes
   959 | D:2      | Found an opulent altar of Gozag.
  1167 | D:5      | Entered Level 5 of the Dungeon
  1167 | D:5      | Noticed a centaur
  1168 | D:5      | Noticed an ogre
  1187 | D:4      | Slain by a worker ant

Levels and vault maps discovered:
D:1:      doesnt_arrival_eight_statues, layout_loops_cross, minmay_pentomino_q4
D:2:      layout_loops_cross, grunt_gozag_statues,
          chequers_ecumenical_altar_simple, serial_rivers,
          chequers_serial_rivers_large_a, chequers_serial_rivers_small_3,
          chequers_serial_rivers_marsh, chequers_serial_rivers_small_b,
          chequers_serial_rivers_room_b, st_stairs_4, minmay_bisected
D:3:      layout_loops_cross, kennysheep_slug_shrine, marbit_many_paths,
          serial_glass, glass_columns_a, glass_columns_c, feat_on_display,
          first_ration, uniq_crazy_yiuf_cottage
D:4:      layout_cave_pods, uniq_grinder, uniq_purgy, uniq_robin
D:5:      layout_gridville, tgw_trog, gammafunk_temple_overflow_pools,
          minmay_temple_entry_glass, serial_shops, kennysheep_mini,
          uniq_eustachio, uniq_sigmund

Action                   || total
-------------------------++-------
Melee: Unarmed           ||    69
       Tailslap          ||     4
       Punch             ||     1
 Cast: Sticks to Snakes  ||     3
  Eat: Chunk             ||     1
Armor: Skin              ||    17
Dodge: Dodged            ||    39

Table legend:
 A = Non-vault XP
 B = Vault XP
 C = Vault XP percentage of total XP
 D = Non-vault monster count
 E = Vault monster count
 F = Vault count percentage of total count
                 A         B        C        D         E       F
            +---------+---------+-------+---------+---------+-------
      Total |      32 |       5 |  13.5 |      16 |       3 |  15.8
            +---------+---------+-------+---------+---------+-------
        D:1 |      11 |       5 |  31.2 |       7 |       3 |  30.0
        D:2 |      21 |       0 |   0.0 |       9 |       0 |   0.0
            +---------+---------+-------+---------+---------+-------
